 Dungeon Crawl Stone Soup version 0.23.1 (webtiles) character file.

Game seed: 15691282014206671000

65 night the Insei (level 3, 0/24 HPs)
             Began as a Demonspawn Ice Elementalist on Mar 5, 2019.
             Slain by a shadow imp (2 damage)
             ... summoned by Natasha
             ... on level 2 of the Dungeon.
             The game lasted 00:03:41 (1342 turns).

night the Insei (Demonspawn Ice Elementalist)       Turns: 1342, Time: 00:03:41

Health: 0/24       AC:  8    Str:  9    XL:     3   Next: 92%
Magic:  1/6        EV:  8    Int: 16    God:
Gold:   10         SH:  0    Dex: 13    Spells: 0/6 levels left

rFire    + . .     SeeInvis .     - Unarmed
rCold    + . .     Gourm    .   (no shield)
rNeg     . . .     Faith    .   l - +0 scale mail
rPois    +         Spirit   .   (no helmet)
rElec    +         Reflect  .   (no cloak)
rCorr    +         Harm     .   (no gloves)
MR       .....                  (no boots)
Stlth    ..........             (no amulet)
HPRegen  0.08/turn              k - ring of wizardry
MPRegen  0.10/turn              f - ring of wizardry

@: resistant, very slightly contaminated, hasted, very quick
A: slimy green scales 1
a: no special abilities


You were on level 2 of the Dungeon.
You were not hungry.

You visited 1 branch of the dungeon, and saw 2 of its levels.

You collected 10 gold pieces.

Inventory:

Missiles
 g - 23 stones (quivered)
Armour
 a - a +0 robe
 l - a +0 scale mail (worn)
Jewellery
 f - a ring of wizardry (right hand)
 k - a ring of wizardry (left hand)
Scrolls
 b - a scroll of immolation {unknown}
 d - a scroll of amnesia {unknown}
 e - 2 scrolls of identify {unknown}
 i - a scroll of remove curse {unknown}
Potions
 h - a potion of resistance
 j - 2 potions of haste
Comestibles
 c - 3 rations
 m - a chunk of flesh


   Skills:
 - Level 1.7 Dodging
 - Level 1.7 Stealth
 * Level 3.3 Unarmed Combat
 - Level 2.0 Spellcasting
 - Level 1.0 Conjurations
 - Level 2.6 Ice Magic


You couldn't memorise any spells.
You knew the following spells:

 Your Spells              Type           Power        Failure   Level  Hunger
a - Freeze                Ice            ##..         16%         1    #......
b - Throw Frost           Conj/Ice       #.....       30%         2    ###....
c - Ozocubu's Armour      Chrm/Ice       #.......     58%         3    ###....

Your spell library contained the following spells:

 Spells                   Type           Power        Failure   Level  Hunger
 Magic Dart               Conj           #...         28%         1    #......
 Blink                    Tloc           N/A          54%         2    ###....
 Call Imp                 Summ           #.......     54%         2    ###....
 Slow                     Hex            #.......     54%         2    ###....
 Conjure Flame            Conj/Fire      #.......     69%         3    ###....
 Mephitic Cloud           Conj/Pois/Air  #.......     71%         3    ###....
 Throw Icicle             Conj/Ice       #.......     87%         4    #####..
 Summon Ice Beast         Ice/Summ       #.......     91%         4    #####..


Dungeon Overview and Level Annotations

Branches:
Dungeon (2/15)

Altars:

Annotations:
D:2 Natasha


Innate Abilities, Weirdness & Mutations

You are partially covered in slimy green scales. (AC +2)


Message History

You hit the shadow imp but do no damage.
The shadow imp is moderately wounded.
Natasha casts a spell.
The shadow imp hits you but does no damage.
Your scale mail prevents you from hitting the shadow imp.
The shadow imp is moderately wounded.
Natasha hisses.
The shadow imp gestures at you. Pain shoots through your body!
* * * LOW HITPOINT WARNING * * *
You hit the shadow imp.
The shadow imp is severely wounded.
The shadow imp hits you but does no damage.
It was a potion of resistance.
You feel protected.
Natasha mumbles some strange words.
The shadow imp hits you.
* * * LOW HITPOINT WARNING * * *
It was a potion of haste.
You feel yourself speed up. The shadow imp hits you.
You die...

##.## #...###...##. #.... ....
#...##.).... #.#$# ##....
........... #.#.# #....
##.........
..###...####..###########.......
.....................##........
#####...###..####...............
......$...5..###..######........
.......#.รท..h55@.## #.).......
...........####### ##..#######
............. #...#
............?.. #...# #
...............# #..## #
#######........# #### #
##.......# # ###.##### # #


You could see Natasha, 2 white imps and a shadow imp.

Vanquished Creatures
  Natasha (D:2)
  An ooze (D:1)
  3 dart slugs (D:1)
  3 giant cockroaches
  5 goblins
  3 hobgoblins
  4 kobolds
  2 bats (D:1)
  A frilled lizard (D:2)
  7 rats
30 creatures vanquished.

Notes
Turn   | Place    | Note
-------+----------+-------------------------------------------
     0 | D:1      | night the Demonspawn Ice Elementalist began the quest for
                  | the Orb.
     0 | D:1      | Reached XP level 1. HP: 13/13 MP: 3/3
    51 | D:1      | Reached skill level 1 in Unarmed Combat
   261 | D:1      | Gained mutation: You are partially covered in slimy green
                  | scales. (AC +2) [demonic ancestry]
   261 | D:1      | Reached XP level 2. HP: 19/19 MP: 3/5
   524 | D:1      | Reached skill level 2 in Unarmed Combat
   528 | D:1      | Learned a level 2 spell: Throw Frost
   899 | D:1      | Reached XP level 3. HP: 19/24 MP: 2/6
  1038 | D:2      | Learned a level 3 spell: Ozocubu's Armour
  1163 | D:2      | Noticed Natasha
  1170 | D:2      | Killed Natasha
  1170 | D:2      | Reached skill level 3 in Unarmed Combat
  1317 | D:2      | Noticed Natasha
  1342 | D:2      | Slain by a shadow imp

Skill      XL: |  1  2  3 |
---------------+----------+-----
Unarmed Combat | 1 2 3 |  3.3
Dodging        | |  1.7
Stealth        | |  1.7
Spellcasting   | |  2.0
Conjurations   | |  1.0
Ice Magic      | |  2.6

Action                   || total
-------------------------++-------
Melee: Unarmed           ||    48
 Cast: Freeze            ||    47
  Use: Potion            ||     2
  Eat: Chunk             ||     2
Armor: Robe              ||    11
       Scale mail        ||    11
Dodge: Dodged            ||    66
